 Dungeon Crawl Stone Soup version 0.30.0 (webtiles) character file.

Game seed: 13905148783019694707

8 Dani the Trooper (level 2, 24/24 HPs)
             Began as a Demonspawn Fighter on May 20, 2023.
             Quit the game on level 1 of the Dungeon.
             The game lasted 00:00:19 (279 turns).

Dani the Trooper (Demonspawn Fighter)                Turns: 279, Time: 00:00:20

Health: 24/24      AC:  8    Str: 16    XL:     2   Next: 0%
Magic:  2/2        EV:  8    Int:  9    God:
Gold:   39         SH:  4    Dex: 12    Spells: 1/1 levels left

rFire   . . .        a - +0 war axe
rCold   . . .        c - +0 buckler
rNeg    . . .        b - +0 scale mail
rPois   .            (no helmet)
rElec   .            (no cloak)
rCorr   .            (no gloves)
SInv    .            (no boots)
Will    .....        (no amulet) Stlth
                     (no ring)
HPRegen 0.24/turn    (no ring)
MPRegen 0.08/turn

%: no passive effects
@: no status effects
A: slimy green scales 1
a: no special abilities


You were on level 1 of the Dungeon.
You visited 1 branch of the dungeon, and saw 1 of its levels.

You collected 39 gold pieces.

Inventory:

Hand Weapons
 a - a +0 war axe (weapon)
Armour
 b - a +0 scale mail (worn)
 c - a +0 buckler (worn)
Scrolls
 e - 2 scrolls of identify {unknown}
 h - a scroll of amnesia {unknown}
 i - a scroll of brand weapon {unknown}
Potions
 d - a potion of might
 f - a potion of haste {unknown}
 g - a potion of curing {unknown}


   Skills:
 - Level 3.0 Fighting
 + Level 2.5 Axes
 - Level 2.6 Armour
 - Level 2.6 Shields


You had one spell level left.
You didn't know any spells.
Your spell library contained the following spells:

 Spells                   Type           Power      Damage    Failure   Level
 Inner Flame              Hex/Fire       0%         N/A       99%         3
 Yara's Violent Unravell  Hex/Tmut       0%         3d3       100%        5
 Enfeeble                 Hex            0%         N/A       100%        7


Dungeon Overview and Level Annotations

Branches:
Dungeon (1/15)

Altars:


Innate Abilities, Weirdness & Mutations

You are partially covered in slimy green scales. (AC +2)


Message History

No target in view!
You now have 14 gold pieces (gained 6).
Key pressed, stopping explore.
Key pressed, stopping explore.
No target in view!
Key pressed, stopping explore.
No target in view!
Key pressed, stopping explore.
No target in view!
Key pressed, stopping explore.
No target in view!
Key pressed, stopping explore.
No target in view!
You open the door.
A quokka comes into view.
Found a sedimented red potion and 12 gold pieces.
Found a stone staircase leading down.
A quokka is nearby!
There is an open door here.
A quokka is nearby!
A quokka is nearby!
You closely miss the quokka.
The quokka bites you but does no damage.
The quokka closely misses you.
A quokka is nearby!
You hit the quokka.
You kill the quokka!
Your Axes skill increases to level 2!
Found a flail.
No target in view!
g - a sedimented red potion No target in view!
You now have 26 gold pieces (gained 12).
Key pressed, stopping explore.
Key pressed, stopping explore.
No target in view!
Key pressed, stopping explore.
No target in view!
Key pressed, stopping explore.
No target in view!
Key pressed, stopping explore.
No target in view!
A goblin comes into view. It is wielding a +0 dagger.
The goblin shouts!
You hit the goblin.
You kill the goblin!
You now have 39 gold pieces (gained 13).
A bat comes into view.
You see here a scroll labelled OCETIFR IPPISK.
A bat is nearby!
The bat hits you but does no damage.
A bat is nearby!
The bat hits you but does no damage. The bat barely misses you.
A bat is nearby!
You hit the bat but do no damage. You block the bat's attack.
The bat hits you but does no damage. You block the bat's attack.
A bat is nearby!
The bat hits you but does no damage.
A bat is nearby!
You barely miss the bat. The bat hits you but does no damage.
You block the bat's attack. The bat hits you but does no damage.
A bat is nearby!
You barely miss the bat. The bat hits you but does no damage. x2
A bat is nearby!
The bat hits you but does no damage.
A bat is nearby!
You hit the bat.
You kill the bat!
h - a scroll labelled OCETIFR IPPISK Key pressed, stopping explore.
No target in view!
You pick up a book of Misfortune and begin reading...
You add the spells Inner Flame, Yara's Violent Unravelling and Enfeeble to your library.
No target in view!
You see here a +2 hat.
No target in view!
A dart slug and a kobold come into view.
The kobold shouts!
There are monsters nearby!
The kobold hits you but does no damage. The dart slug launches a dart at you.
The slug dart misses you.
There are monsters nearby!
You hit the kobold.
You kill the kobold!
A dart slug is nearby!
A dart slug is nearby!
You barely miss the dart slug. The dart slug bites you.
A dart slug is nearby!
You slash the dart slug!
You kill the dart slug!
You have reached level 2!
Your demonic ancestry asserts itself...
Slimy green scales grow over part of your body.
No target in view!
HP restored.
e - 2 scrolls labelled MYOTUPLA AKHUO (gained 1)
You see here a +0 dagger.
i - a scroll labelled IBBAFF TIYSEXUYNU Are you sure you want to abandon this character and quit the game? (Confirm with "yes".)

#. ##.. ... ...... #..
.#..######## ... ....... ... #.#
###### #....# #.. #.# .....#
#....#.##.# #. ... #.#
.....###......##.# #.....######.#
....[##.....####.# #.............
.....##.########@####..#.####....
...............#.##.......###.#..
.....#########.#.##.# ...#.....)
.....#.........).##.#####.#.#.#..
####.#.....#...####.#.......#.#..
####.#####.#......#.#.###.#...###
...........#........#.#...#.###
####.#######..#.......#.###.# #.#
#.....########. #.#


There were no monsters in sight!

Vanquished Creatures
  A dart slug (D:1)
  A goblin (D:1)
  A kobold (D:1)
  A quokka (D:1)
  A bat (D:1)
  A rat (D:1)
6 creatures vanquished.

Notes
Turn   | Place    | Note
-------+----------+-------------------------------------------
     0 | D:1      | Dani the Demonspawn Fighter began the quest for the Orb.
     0 | D:1      | Reached XP level 1. HP: 18/18 MP: 1/1
   170 | D:1      | Reached skill level 2 in Axes
   250 | D:1      | Gained mutation: You are partially covered in slimy green
                  | scales. (AC +2) [demonic ancestry]
   250 | D:1      | Reached XP level 2. HP: 23/24 MP: 2/2
   279 | D:1      | Quit the game

Illustrated notes

Levels and vault maps discovered:
D:1:      psy_arrival_statuary, layout_basic, minmay_misc_feat_tower

Skill      XL: |  1 |
---------------+----+-----
Axes           | 2 |  2.5
Fighting       | |  3.0
Armour         | |  2.6
Shields        | |  2.6

Action                     || total
---------------------------++-------
  Melee: War axe           ||    11
 Armour: Scale mail        ||    12
  Dodge: Dodged            ||     3
  Block: Buckler           ||     3

Levels and vault maps discovered:
D:1:      psy_arrival_statuary, layout_basic, minmay_misc_feat_tower

Table legend: (Time is in decaauts)
 A = Elapsed time spent in this place.
 B = Non-inter-level travel time spent in this place.
 C = Inter-level travel time spent in this place.
 D = Time resting spent in this place.
 E = Time spent auto-exploring this place.
 F = Levels seen in this place.
 G = Mean time per level.
                   A        B        C        D        E       F      G
               +--------+--------+--------+--------+--------+-----+--------+
         Total |    283 |    283 |      0 |      0 |    243 |   1 |  283.0 |
       Dungeon |    283 |    283 |      0 |      0 |    243 |   1 |  283.0 |
               +--------+--------+--------+--------+--------+-----+--------+

Top non-repeatable levels by time:
     D:1: 283 daAuts

Table legend:
 A = Kills in this place as a percentage of kills in the entire game.
 B = Kills by you in this place as a percentage of kills by you in the entire game.
 C = Kills by friends in this place as a percentage of kills by friends in the entire game.
 D = Other kills in this place as a percentage of other kills in the entire game.
 E = Experience gained in this place as a percentage of experience gained in the entire game.
 F = Experience gained in this place divided by the number of levels of this place that you have seen.
                   A       B       C       D       E      F
               +-------+-------+-------+-------+-------+----------------------
         Total | 100.0 | 100.0 |   N/A |   N/A | 100.0 |  12.0
       Dungeon | 100.0 | 100.0 |   N/A |   N/A | 100.0 |  12.0
               +-------+-------+-------+-------+-------+----------------------
